 Dungeon Crawl Stone Soup version 0.18.1-6-gd335043 (webtiles) character file.

194 mopl the Chopper (level 5, -5/45 HPs)
             Began as a Hill Orc Fighter on May 17, 2016.
             Killed by nerve-wracking pain
             ... invoked by Grinder
              (14 damage)
             ... on level 4 of the Dungeon.
             The game lasted 00:03:08 (1878 turns).

mopl the Chopper (Hill Orc Fighter)                 Turns: 1878, Time: 00:03:09

Health: -5/45      AC: 10    Str: 19    XL:     5   Next: 73%
Magic:  5/5        EV:  7    Int:  8    God:
Gold:   124        SH:  9    Dex: 11    Spells: 0 memorised, 4 levels left

rFire  . . .     SeeInvis .     a - +0 war axe (curse)
rCold  . . .     Gourm    .     b - +0 scale mail
rNeg   . . .     Faith    .     c - +0 shield
rPois  .         Spirit   .     u - +0 helmet
rElec  .         Dismiss  .     k - +1 cloak
rCorr  .         Reflect  .     (no gloves)
SustAt .         Harm     .     (no boots)
MR     .....                    (no amulet)
Stlth  ..........               (no ring)
                                (no ring)

@: very slow, not resistant to hostile enchantments, extremely unstealthy
A: no striking features
a: no special abilities


You were on level 4 of the Dungeon.
You were not hungry.

You visited 1 branch of the dungeon, and saw 4 of its levels.

You collected 124 gold pieces.

Inventory:

Hand Weapons
 a - a cursed +0 war axe (weapon)
Armour
 b - a +0 scale mail (worn)
 c - a +0 shield (worn)
 k - a +1 cloak (worn)
 u - a +0 helmet (worn)
Scrolls
 g - a scroll of enchant armour {unknown}
 h - 2 scrolls of recharging {unknown}
 j - 3 scrolls of identify {unknown}
 n - a scroll of teleportation {unknown}
 o - 2 scrolls of remove curse {unknown}
 p - 4 scrolls of fog {unknown}
 q - a scroll of enchant weapon {unknown}
 t - a scroll of noise {unknown}
 v - 3 scrolls of immolation {unknown}
Potions
 d - a potion of might
 e - a potion of curing {unknown}
 m - a potion of brilliance {unknown}
 s - a potion of lignification {unknown}
Comestibles
 f - 2 bread rations
 i - a meat ration
 l - a beef jerky


   Skills:
 - Level 3.6 Fighting
 + Level 7.6 Axes
 - Level 3.2 Armour
 - Level 3.2 Shields


You had 4 spell levels left.
You didn't know any spells.

Dungeon Overview and Level Annotations

Branches:
Dungeon (4/15)
 Temple: D:4-7

Altars:
Cheibriados
Nemelex Xobeh
Sif Muna

Annotations:
D:4 Grinder, Menkaure


Message History

There is a stone staircase leading up here.
You block Grinder's attack.
Found 11 gold pieces.
A giant cockroach comes into view.
You block Grinder's attack. Grinder gestures at you.
You barely resist.
Grinder blinks!
Menkaure, Prince of Dust comes into view.
Menkaure shouts!
The giant cockroach waves its antennae.
You block the giant cockroach's attack.
You slash Grinder!
Grinder is moderately wounded.
You hit the giant cockroach but do no damage.
You block the giant cockroach's attack. Grinder hits you but does no damage.
The giant cockroach barely misses you. Grinder gestures at you.
Pain shoots through your body!
You die...

..# ... #.#
#### #.#
.....
####.##.....
##........M..
#...5........
#..##@#
#..#.s#
#<.#.## #.#
#..#.##.....
#......$..#
###..###....
#..... .#
#.###)# #.
...


You could see Grinder, Menkaure and a giant cockroach.

Vanquished Creatures
  An orc wizard (D:3)
  Robin (D:3)
  8 adders
  2 worms (D:2)
  3 dart slugs (D:1)
  A giant gecko (D:1)
  2 orcs (D:3)
  2 giant cockroaches (D:1)
  19 goblins
  6 hobgoblins
  2 jackals (D:1)
  8 kobolds
  7 bats
  2 giant newts
  3 rats
67 creatures vanquished.

Notes
Turn   | Place    | Note
--------------------------------------------------------------
     0 | D:1      | mopl the Hill Orc Fighter began the quest for the Orb.
     0 | D:1      | Reached XP level 1. HP: 19/19 MP: 1/1
    41 | D:1      | Reached skill level 3 in Axes
    46 | D:1      | Reached XP level 2. HP: 19/26 MP: 2/2
   169 | D:1      | Reached skill level 4 in Axes
   422 | D:1      | Reached XP level 3. HP: 30/31 MP: 3/3
   705 | D:2      | Found a snail-covered altar of Cheibriados.
   706 | D:2      | Found a sparkling altar of Nemelex Xobeh.
   708 | D:2      | Reached skill level 5 in Axes
   710 | D:2      | Became a worshipper of Cheibriados the Contemplative
   711 | D:2      | Fell from the grace of Cheibriados
   794 | D:2      | Reached XP level 4. HP: 39/39 MP: 4/4
   885 | D:2      | Found a deep blue altar of Sif Muna.
  1029 | D:2      | Reached skill level 6 in Axes
  1329 | D:3      | Reached skill level 7 in Axes
  1329 | D:3      | Reached XP level 5. HP: 15/45 MP: 5/5
  1585 | D:3      | Noticed Robin
  1607 | D:3      | Killed Robin
  1823 | D:3      | Noticed Grinder
  1844 | D:3      | Paralysed by Grinder for 7 turns
  1860 | D:3      | Paralysed by Grinder for 4 turns
  1877 | D:4      | Noticed Menkaure
  1878 | D:4      | Killed from afar by Grinder

Skill      XL: |  1  2  3  4 |
---------------+-------------+-----
Axes           | 3 4 5 7 |  7.6
Fighting       | |  3.6
Armour         | |  3.2
Shields        | |  3.2

Action                   |  1- 3 |  4- 6 || total
-------------------------+-------+-------++-------
Melee: War axe           |   105 |   120 ||   225
Invok: Renounce Religion |     1 |       ||     1
 Stab: Distracted        |       |     1 ||     1
  Eat: Chunk             |       |     4 ||     4
Armor: Scale mail        |    60 |    67 ||   127
Dodge: Dodged            |    43 |    40 ||    83
Block: Shield            |    62 |    58 ||   120
